 Dungeon Crawl Stone Soup version 0.27.1 (webtiles) character file.

Game seed: 9170726939966720815

5625 ZARRMARR the Basher (level 10, -6/82 HPs)
             Began as a Palentonga Fighter on Aug 24, 2021.
             Was a Believer of Ru.
             Mangled by an orc knight (23 damage)
             ... on level 9 of the Dungeon.
             The game lasted 00:48:41 (8357 turns).

ZARRMARR the Basher (Palentonga Fighter)            Turns: 8357, Time: 00:48:45

Health: -6/82      AC: 29    Str: 21    XL:     10   Next: 46%
Magic:  10/10      EV:  6    Int:  9    God:    Ru [**....]
Gold:   465        SH: 15    Dex: 11    Spells: 9/9 levels left

rFire    + . .     SeeInvis +   q - +2 flail (protect)
rCold    . . .     Faith    .   J - +0 tower shield
rNeg     . . .     Spirit   .   P - +2 plate armour {rF+}
rPois    .         Reflect  .   (no helmet)
rElec    .         Harm     .   E - +2 cloak
rCorr    .         Rampage  .   (no gloves)
Will     +....                  (no barding)
Stlth    ..........             l - amulet of regeneration
HPRegen  1.23/turn              b - +4 ring of evasion
MPRegen  0.12/turn              x - ring of willpower

@: under a protective aura, curled up
A: large, rugged brown scales 3, see invisible, deformed body, no stealth, no
ice magic, no summoning magic, no transmutations magic, roll 1, armoured tail,
reflexive curl
a: Rolling Charge, Renounce Religion


You were on level 9 of the Dungeon.
You worshipped Ru.
Ru was pleased with you.
You visited 2 branches of the dungeon, and saw 10 of its levels.
You also visited: Ossuary.

You collected 465 gold pieces.

Inventory:

Hand Weapons
 d - a +2 whip of venom
 q - a +2 flail of protection (weapon)
 F - a +2 quarterstaff of chaos
Missiles
 f - 2 throwing nets
 j - 93 poisoned darts
 H - 4 boomerangs (quivered)
Armour
 E - a +2 cloak (worn)
 J - a +0 tower shield (worn)
 P - a +2 plate armour of fire resistance (worn)
Jewellery
 b - a +4 ring of evasion (left hand)
 l - an amulet of regeneration (around neck)
 x - a ring of willpower (right hand)
 O - a ring of poison resistance
Wands
 c - a wand of paralysis (9)
 h - a wand of digging (4)
 I - a wand of flame (27)
 M - a wand of iceblast (7)
Scrolls
 a - a scroll of immolation
 g - a scroll of amnesia
 n - 2 scrolls of blinking {unknown}
 t - a scroll of teleportation
 u - a scroll of torment {unknown}
 y - 2 scrolls of magic mapping {unknown}
 A - a scroll of fear {unknown}
 B - 2 scrolls of enchant armour {unknown}
 D - 3 scrolls of fog
 G - 2 scrolls of enchant weapon {unknown}
Potions
 e - 6 potions of curing {unknown}
 i - 3 potions of cancellation
 m - 3 potions of lignification {unknown}
 o - 3 potions of brilliance {unknown}
 p - 4 potions of magic {unknown}
 r - 2 potions of haste {unknown}
 s - a potion of heal wounds
 v - 2 potions of might
 w - a potion of ambrosia {unknown}
 z - 2 potions of berserk rage {unknown}
 C - 3 potions of invisibility {unknown}
 K - 2 potions of attraction {unknown}
 N - a potion of flight {unknown}


   Skills:
 + Level 6.6 Fighting
 + Level 9.8 Maces & Flails
 + Level 5.7 Armour
 + Level 4.2 Dodging
 + Level 6.6 Shields


You had 9 spell levels left.
You didn't know any spells.
Your spell library contained the following spells:

 Spells                   Type           Power      Damage    Failure   Level
 Foxfire                  Conj/Fire      0%         2x1d4     100%        1
 Sandblast                Erth           0%         2d4       100%        1
 Shock                    Conj/Air       0%         1d3       100%        1
 Blink                    Tloc           N/A        N/A       100%        2
 Conjure Flame            Conj/Fire      0%         6-21      100%        3
 Inner Flame              Hex/Fire       0%         N/A       100%        3
 Stone Arrow              Conj/Erth      0%         3d7       100%        3
 Swiftness                Air            0%         N/A       100%        3
 Airstrike                Air            0%         N/A       100%        4
 Leda's Liquefaction      Hex/Erth       0%         N/A       100%        4
 Sticky Flame             Conj/Fire      0%         2d3       100%        4
 Lee's Rapid Deconstruct  Erth           0%         3d5*      100%        5
 Manifold Assault         Tloc           0%         N/A       100%        5
 Lehudib's Crystal Spear  Conj/Erth      0%         10d2      100%        8
 Passwall                 Tmut/Erth      Unusable   N/A       N/A         2
 Animate Armour           Summ/Erth      Unusable   N/A       N/A         4
 Hailstorm                Conj/Ice       Unusable   3d3       N/A         4
 Ice Form                 Ice/Tmut       Unusable   N/A       N/A         4
 Storm Form               Tmut/Air       Unusable   N/A       N/A         7

Dungeon Overview and Level Annotations

Branches:
Dungeon (9/15)             Temple (0/1) D:7            Lair (0/6) D:9
    Orc (1/2) D:9         Ossuary (visited)

Altars:
Ashenzari
Cheibriados
Dithmenos
Gozag
Makhleb
Okawaru
Qazlal
Ru
Sif Muna
The Shining One

Shops:
D:8 *

Annotations:
D:4 2 runed translucent doors


Innate Abilities, Weirdness & Mutations

You are completely covered in rugged brown scales. (AC +3, +7% HP)
You have supernaturally acute eyesight. (SInv)
Armour fits poorly on your strangely shaped body.
You cannot be stealthy.
You cannot study or cast Ice magic.
You cannot study or cast Summoning magic.
You cannot study or cast Transmutations magic.
You can roll at nearby foes to attack.
You have a long armoured tail.
You curl defensively after being hit.


Message History

You hit the orc knight but do no damage.
The orc knight is heavily wounded.
The orc knight hits you but does no damage.
You hit the orc knight.
The orc knight is heavily wounded.
The orc knight hits you with a +2 vorpal broad axe!
You hit the orc knight but do no damage.
The orc knight is heavily wounded.
The orc knight hits you but does no damage.
Your plate armour prevents you from hitting the orc knight.
Your tail-slap misses the orc knight.
The orc knight is heavily wounded.
The orc knight hits you with a +2 vorpal broad axe!
You closely miss the orc knight.
You tail-slap the orc knight, but do no damage.
The orc knight is heavily wounded.
You block the orc knight's attack.
You hit the orc knight.
The orc knight is heavily wounded.
The orc knight is stunned by your conviction and fails to attack.
You block the orc knight's attack.
You thump the orc knight! You tail-slap the orc knight.
The orc knight is severely wounded.
You block the orc knight's attack.
You hit the orc knight but do no damage.
The orc knight is severely wounded.
You block the orc knight's attack.
You sock the orc knight! You tail-slap the orc knight!
The orc knight is almost dead.
You block the orc knight's attack.
Your shield and plate armour prevent you from hitting the orc knight.
The orc knight is almost dead.
The orc knight hits you but does no damage.
You hit the orc knight.
You tail-slap the orc knight, but do no damage.
The orc knight is almost dead.
The orc knight hits you with a +2 vorpal broad axe!!
* * * LOW HITPOINT WARNING * * *
x2 The orc knight hits you with a +2 vorpal broad axe!!
You die...

#.#.#..####)####.####.##.....)..)
...<........# #......###.#######
#####..###### #.########.# ##
#......# ##.##.......# ####. ##
#..###.# #..##.#####.# #.... .#
######## #.##### #.# #.##.
.########.######.# ######.###.###
..##..#.#.#..#...###..........# #
##....##..###.##@.#############
##.........##Oo#.#
###.#.#.###..###.#
#....##..#.##....#
###.#.#....#..#...# ###
.#####..##....O...# #.. ##
#.#...#.#...### #.#
###.###.##[)#.#### #.#
#........[>[..##.# #.#


You could see an orc knight and an ogre.

Vanquished Creatures
  A fire dragon (D:9)
  A hornet (D:4)
  A wraith (D:6)
  4 wargs (D:9)
  2 water moccasins
  2 ice beasts
  7 orc warriors
  A sky beast (D:8)
  3 centaurs
  3 kobold brigands
  5 bullfrogs
  A wyvern zombie (D:5)
  A scorpion (D:7)
  2 gnoll sergeants
  2 wyvern skeletons
  A water moccasin skeleton (D:5)
  3 killer bees (D:9)
  4 howler monkeys
  A jelly (D:4)
  2 bullfrog zombies (D:6)
  2 centaur zombies
  A human zombie (Ossuary)
  2 hounds
  Crazy Yiuf (D:6)
  9 orc priests
  A bullfrog skeleton (D:4)
  2 gnoll shamans
  2 iguanas
  Natasha (thrice) (D:4)
  12 orc wizards
  A killer bee zombie (D:7)
  2 hound skeletons
  3 mummies (Ossuary)
  19 gnolls
  A howler monkey skeleton (D:6)
  8 adders
  3 shadow imps
  A white imp (D:7)
  An ufetubus (D:7)
  A worm (D:2)
  3 dart slugs
  33 orcs
  8 ball pythons
  9 bats
  11 endoplasms
  5 giant cockroaches
  11 goblins
  6 hobgoblins
  3 quokkas
  5 frilled lizards
  A gnoll zombie (Ossuary)
  A goblin zombie (Ossuary)
  18 kobolds
  2 kobold zombies (Ossuary)
  2 orc zombies (Ossuary)
  4 rats
244 creatures vanquished.

Vanquished Creatures (others)
  2 orcs
  A bush (D:5)
3 creatures vanquished.

Grand Total: 247 creatures vanquished

Notes
Turn   | Place    | Note
-------+----------+-------------------------------------------
     0 | D:1      | ZARRMARR the Palentonga Fighter began the quest for the
                  | Orb.
     0 | D:1      | Reached XP level 1. HP: 19/19 MP: 1/1
   288 | D:1      | Reached XP level 2. HP: 25/25 MP: 2/2
   649 | D:1      | Found a faded altar of an unknown god.
   781 | D:1      | Reached XP level 3. HP: 29/31 MP: 3/3
  1398 | D:2      | Reached XP level 4. HP: 37/37 MP: 4/4
  1492 | D:2      | Reached skill level 1 in Dodging
  1886 | D:3      | Found a broken altar of Ashenzari.
  1898 | D:3      | Reached skill level 3 in Maces & Flails
  2397 | D:3      | Reached XP level 5. HP: 33/43 MP: 5/5
  2746 | D:4      | Found a sacrificial altar of Ru.
  2758 | D:4      | Became a worshipper of Ru the Awakened
  2792 | D:4      | Found a large runed translucent door.
  2793 | D:4      | Found a large runed translucent door.
  2827 | D:4      | Found a snail-covered altar of Cheibriados.
  2941 | D:4      | Found a sand-covered staircase.
  2948 | Ossuary  | Entered an ossuary
  3051 | Ossuary  | Reached XP level 6. HP: 43/51 MP: 6/6
  3278 | D:4      | Reached skill level 4 in Maces & Flails
  3322 | D:4      | Noticed Natasha
  3326 | D:4      | Killed Natasha
  3348 | D:4      | Found a large runed translucent door.
  3348 | D:4      | Found a large runed translucent door.
  3414 | D:4      | Noticed a hornet
  3454 | D:4      | Gained mutation: You curl defensively after being hit.
                  | [Palentonga growth]
  3454 | D:4      | Reached XP level 7. HP: 51/57 MP: 7/7
  3565 | D:4      | Reached skill level 5 in Maces & Flails
  3599 | D:4      | Noticed Natasha
  3601 | D:4      | Killed Natasha
  3856 | D:4      | Noticed Natasha
  3865 | D:4      | Killed Natasha
  3886 | D:4      | Killed a hornet
  3887 | D:4      | Reached skill level 6 in Maces & Flails
  3934 | D:4      | Got Sifarphu's Easy Witchery
  3971 | D:5      | Entered Level 5 of the Dungeon
  3984 | D:5      | Reached XP level 8. HP: 65/65 MP: 8/8
  4007 | D:5      | Gained mutation: You cannot be stealthy. [Ru sacrifice]
  4245 | D:5      | Reached skill level 5 in Fighting
  4347 | D:5      | Found a shadowy altar of Dithmenos.
  4552 | D:5      | Reached skill level 7 in Maces & Flails
  4777 | D:6      | Found a stormy altar of Qazlal.
  5360 | D:6      | Found a runed translucent door.
  5361 | D:6      | Noticed Crazy Yiuf
  5366 | D:6      | Killed Crazy Yiuf
  5566 | D:6      | Reached XP level 9. HP: 72/72 MP: 9/9
  5814 | D:7      | Found an iron altar of Okawaru.
  5884 | D:7      | Reached skill level 5 in Armour
  5937 | D:7      | Reached skill level 8 in Maces & Flails
  5954 | D:7      | Gained mutation: You cannot study or cast Ice magic. [Ru
                  | sacrifice]
  5954 | D:7      | Gained mutation: You cannot study or cast Transmutations
                  | magic. [Ru sacrifice]
  5954 | D:7      | Gained mutation: You cannot study or cast Summoning magic.
                  | [Ru sacrifice]
  5954 | D:7      | Reached * piety under Ru
  5954 | D:7      | Reached ** piety under Ru
  5965 | D:7      | Found a glowing golden altar of the Shining One.
  6088 | D:7      | Found a staircase to the Ecumenical Temple.
  6137 | D:7      | Found a burning altar of Makhleb.
  6274 | D:7      | Reached skill level 5 in Shields
  6370 | D:8      | Found Caletaaw's Assorted Antiques.
  6479 | D:8      | Found an opulent altar of Gozag.
  7047 | D:9      | Found a shimmering blue altar of Sif Muna.
  7174 | D:9      | Reached skill level 9 in Maces & Flails
  7230 | D:9      | Reached XP level 10. HP: 73/81 MP: 10/10
  7241 | D:9      | Found a staircase to the Orcish Mines.
  7264 | D:9      | Found a staircase to the Lair.
  7265 | D:9      | Noticed a fire dragon
  7286 | D:9      | Killed a fire dragon
  8167 | Orc:1    | Entered Level 1 of the Orcish Mines
  8167 | Orc:1    | Noticed an orc sorcerer
  8195 | Orc:1    | Noticed an orc sorcerer
  8258 | Orc:1    | Noticed an orc knight
  8357 | D:9      | Mangled by an orc knight

Illustrated notes

Levels and vault maps discovered:
D:1:      ncdulo_watergridlock, layout_loops_ring,
          shapermc_ecumenical_altar_flowoftime
D:2:      layout_basic, minmay_tromino_v7
D:3:      layout_basic, mainiacjoe_overflow_24_doors, serial_bayou_pond_a,
          minmay_misc_feat_pillars
D:4:      layout_loops_cross, mainiacjoe_overflow_concentric_impassable,
          nicolae_ru_great_annihilating_truth,
          lightli_ossuary_entry_decrepit_ruins, minmay_hollow_rounded_squares,
          uniq_natasha
D:5:      layout_loops_cross, nicolae_dithmenos_the_darkroom,
          kb_lookout_dungeons_type
D:6:      layout_loops_cross, mainiacjoe_overflow_brackets,
          lightli_corner_chamber, uniq_crazy_yiuf_cottage
D:7:      layout_rooms, tso_metal_star, mainiacjoe_overflow_paths,
          mainiacjoe_overflow_alcove_4, minmay_temple_entry_drinking_statues
D:8:      layout_rooms, lemuel_tele_altar, serial_shops, shop, kennysheep_path_1
D:9:      layout_loops_ring, nicolae_overflow_hidden_temple,
          minmay_lair_entry_lava, erik_orc_3, grunt_ministairs_3
Orc:1:    layout_caves, elves_outpost_lemuel, uniq_fannar

Skill      XL: |  1  2  3  4  5  6  7  8  9 10 |
---------------+-------------------------------+-----
Armour         | 3 4 5 |  5.7
Dodging        | 1 2 4 |  4.2
Maces & Flails | 3 4 6 7 9 |  9.8
Shields        | 3 4 5 6 |  6.6
Fighting       | 4 5 6 |  6.6

Action                   |  1- 3 |  4- 6 |  7- 9 | 10-12 || total
-------------------------+-------+-------+-------+-------++-------
Melee: Flail             |   112 |   154 |   440 |   165 ||   871
       Tailslap          |     4 |    22 |    83 |    30 ||   139
       Whip              |       |    44 |    14 |       ||    58
Throw: Dart              |     1 |    19 |    21 |       ||    41
       Boomerang         |       |       |    11 |     4 ||    15
Invok: Sacrifice Stealth |       |       |     1 |       ||     1
       Sacrifice Arcana  |       |       |     1 |       ||     1
 Abil: Rolling Charge    |    25 |    31 |    43 |     4 ||   103
Evoke: Wand              |       |       |       |     1 ||     1
  Use: Scroll            |     4 |     1 |     2 |     1 ||     8
       Potion            |       |     2 |       |     6 ||     8
 Stab: Distracted        |       |       |     2 |       ||     2
Armor: Scale mail        |    66 |    86 |    25 |       ||   177
       Ring mail         |       |       |   188 |    13 ||   201
       Plate armour      |       |       |       |    97 ||    97
Dodge: Dodged            |    23 |    38 |   223 |    61 ||   345
Block: Kite shield       |    68 |    72 |   116 |       ||   256
       Tower shield      |       |       |   256 |   189 ||   445
